[ AOE2 MATCH · #505819102 ]
UnrankedBulgarians vs Incas
Player's team · LOSS
Rival team · WIN
[ REPLAY ANALYSIS · EXTRACTED FROM THE RECORDED GAME ]
Feudal
9:16
Castle
23:25
Imperial
—
| APM avg | 47.7 |
| APM peak | 115 |
| eAPM avg | 22.5 |
| Villagers / military | 70 / 41 |
Focus
⚔️ 46.5% · 🌾 53.5%
Skirmisher ×22 · Militia ×17 · Mangonel ×1 · Scorpion ×1
Feudal
9:51
Castle
23:22
Imperial
—
| APM avg | 41.5 |
| APM peak | 80 |
| eAPM avg | 15.4 |
| Villagers / military | 47 / 40 |
Focus
⚔️ 37.8% · 🌾 62.2%
Archer ×36 · Mangonel ×4
Match map
Initial resources + every placement click. Lines = walls · curves = elevation contours. ◆ gold · ⬟ stone · ● berries · ✦ relic · ◌ wall gap
Your base· ✓ Closed at 23:25 · 48t walls · 1 gate(s)
Ellis's base· Open — opponent sealed themselves in
Smoothed initial terrain · ◌ = detected wall gap · hover for details
Inputs per minute
— thankyou9527 - - Ellis
Build order — thankyou9527
First 150 of 195 actions detected
| 0:00 | Create | Villager (Male) |
| 0:00 | Create | Villager (Male) |
| 0:00 | Create | Villager (Male) |
| 0:02 | Build | House |
| 0:04 | Build | House |
| 0:18 | Create | Villager (Male) |
| 1:28 | Create | Villager (Male) |
| 1:50 | Build | Lumber Camp |
| 2:02 | Create | Villager (Male) |
| 2:02 | Create | Villager (Male) |
| 2:21 | Create | Villager (Male) |
| 2:21 | Create | Villager (Male) |
| 2:21 | Create | Villager (Male) |
| 2:50 | Create | Villager (Male) |
| 3:09 | Create | Villager (Male) |
| 3:40 | Create | Villager (Male) |
| 3:40 | Create | Villager (Male) |
| 3:54 | Create | Villager (Male) |
| 4:05 | Build | House |
| 4:24 | Create | Villager (Male) |
| 4:43 | Build | Mill |
| 4:52 | Create | Villager (Male) |
| 4:52 | Create | Villager (Male) |
| 4:53 | Create | Villager (Male) |
| 5:23 | Create | Villager (Male) |
| 5:33 | Create | Villager (Male) |
| 5:33 | Create | Villager (Male) |
| 5:34 | Create | Villager (Male) |
| 6:06 | Build | Palisade Gate |
| 6:14 | Create | Villager (Male) |
| 6:19 | Build | House |
| 6:28 | Research | Loom |
| 6:55 | Build | Barracks |
| 7:06 | Research | Feudal Age |
| 7:06 | Research | Feudal Age |
| 7:18 | Build | House |
| 7:52 | Create | Militia |
| 7:52 | Create | Militia |
| 7:52 | Create | Militia |
| 8:07 | Build | Mining Camp |
| 8:35 | Create | Militia |
| 8:35 | Create | Militia |
| 8:36 | Create | Militia |
| 8:36 | Create | Militia |
| 8:48 | Build | Palisade Wall |
| 9:16 | Age | Feudal Age |
| 9:16 | Build | Mill |
| 9:19 | Create | Villager (Male) |
| 9:21 | Research | Double-Bit Axe |
| 9:26 | Build | House |
| 9:33 | Build | Palisade Wall |
| 9:35 | Build | Palisade Wall |
| 9:39 | Create | Villager (Male) |
| 9:45 | Build | Palisade Wall |
| 9:46 | Create | Villager (Male) |
| 10:06 | Create | Villager (Male) |
| 10:15 | Create | Villager (Male) |
| 10:15 | Create | Villager (Male) |
| 10:48 | Build | Farm |
| 10:53 | Create | Villager (Male) |
| 11:00 | Build | Palisade Wall |
| 11:04 | Create | Villager (Male) |
| 11:51 | Create | Villager (Male) |
| 11:56 | Build | Palisade Wall |
| 11:56 | Build | Palisade Wall |
| 12:01 | Build | Palisade Wall |
| 12:09 | Build | House |
| 12:12 | Build | Archery Range |
| 12:17 | Create | Villager (Male) |
| 12:17 | Create | Villager (Male) |
| 12:17 | Create | Villager (Male) |
| 12:28 | Build | House |
| 12:36 | Create | Villager (Male) |
| 12:42 | Build | House |
| 12:58 | Build | Farm |
| 13:03 | Create | Skirmisher |
| 13:03 | Create | Skirmisher |
| 13:04 | Create | Villager (Male) |
| 13:08 | Build | House |
| 13:22 | Create | Villager (Male) |
| 13:22 | Create | Villager (Male) |
| 13:28 | Build | House |
| 13:46 | Build | Blacksmith |
| 13:50 | Create | Villager (Male) |
| 13:55 | Build | House |
| 13:56 | Create | Villager (Male) |
| 13:58 | Create | Skirmisher |
| 14:25 | Create | Skirmisher |
| 14:29 | Build | House |
| 14:29 | Create | Villager (Male) |
| 14:41 | Create | Villager (Male) |
| 14:43 | Build | Farm |
| 14:46 | Build | House |
| 14:48 | Build | Palisade Wall |
| 14:50 | Build | Palisade Wall |
| 14:50 | Build | Palisade Wall |
| 14:51 | Build | Palisade Wall |
| 14:52 | Build | Palisade Wall |
| 15:12 | Build | Lumber Camp |
| 15:13 | Create | Villager (Male) |
| 15:36 | Build | House |
| 15:40 | Create | Skirmisher |
| 15:43 | Build | Farm |
| 15:59 | Build | House |
| 16:22 | Research | Fletching |
| 16:23 | Create | Villager (Male) |
| 16:25 | Build | Farm |
| 16:25 | Build | Farm |
| 16:25 | Build | Farm |
| 16:28 | Build | Farm |
| 16:28 | Build | Farm |
| 16:38 | Create | Villager (Male) |
| 16:43 | Build | House |
| 16:50 | Build | Farm |
| 16:52 | Build | Farm |
| 16:53 | Build | Farm |
| 16:57 | Create | Skirmisher |
| 17:12 | Create | Skirmisher |
| 17:15 | Build | House |
| 17:18 | Build | Palisade Wall |
| 17:20 | Build | Palisade Wall |
| 17:22 | Create | Villager (Male) |
| 17:24 | Build | Farm |
| 17:30 | Build | Farm |
| 17:50 | Build | Farm |
| 17:52 | Build | Farm |
| 18:04 | Create | Villager (Male) |
| 18:05 | Build | Farm |
| 18:05 | Create | Villager (Male) |
| 18:06 | Create | Villager (Male) |
| 18:09 | Build | Farm |
| 18:14 | Build | Farm |
| 18:14 | Create | Villager (Male) |
| 18:34 | Build | Farm |
| 18:34 | Build | Farm |
| 18:35 | Build | Farm |
| 18:35 | Build | Farm |
| 18:36 | Create | Villager (Male) |
| 18:36 | Create | Villager (Male) |
| 18:45 | Create | Skirmisher |
| 18:46 | Create | Villager (Male) |
| 19:19 | Build | Market |
| 19:21 | Build | Palisade Wall |
| 19:33 | Create | Skirmisher |
| 19:42 | Build | House |
| 19:53 | Build | Lumber Camp |
| 19:57 | Create | Villager (Male) |
| 20:10 | Build | Farm |
| 20:33 | Build | Farm |
| 20:42 | Research | Castle Age |
Build order — Ellis
146 actions detected in the replay
| 0:02 | Create | Villager (Male) |
| 0:04 | Build | House |
| 0:09 | Create | Villager (Male) |
| 0:13 | Create | Villager (Male) |
| 0:17 | Create | Villager (Male) |
| 1:30 | Create | Villager (Male) |
| 2:03 | Build | Settlement |
| 2:04 | Create | Villager (Male) |
| 2:16 | Create | Villager (Male) |
| 2:50 | Create | Villager (Male) |
| 3:10 | Create | Villager (Male) |
| 3:54 | Create | Villager (Male) |
| 4:21 | Create | Villager (Male) |
| 4:28 | Build | Settlement |
| 4:43 | Create | Villager (Male) |
| 4:53 | Create | Villager (Male) |
| 5:26 | Create | Villager (Male) |
| 5:56 | Create | Villager (Male) |
| 6:13 | Create | Villager (Male) |
| 6:47 | Create | Villager (Male) |
| 6:53 | Research | Loom |
| 7:37 | Research | Feudal Age |
| 8:06 | Build | Barracks |
| 9:26 | Create | Villager (Male) |
| 9:51 | Age | Feudal Age |
| 9:54 | Build | Archery Range |
| 9:57 | Build | Archery Range |
| 10:00 | Build | House |
| 10:19 | Create | Villager (Male) |
| 10:21 | Research | Double-Bit Axe |
| 10:38 | Create | Archer |
| 10:38 | Create | Archer |
| 10:50 | Create | Villager (Male) |
| 10:56 | Create | Archer |
| 11:03 | Create | Archer |
| 11:04 | Create | Villager (Male) |
| 11:09 | Build | Blacksmith |
| 11:30 | Create | Archer |
| 11:42 | Build | Palisade Wall |
| 11:44 | Build | Palisade Wall |
| 11:49 | Create | Archer |
| 12:00 | Create | Villager (Male) |
| 12:03 | Create | Villager (Male) |
| 12:06 | Research | Fletching |
| 12:15 | Build | Settlement |
| 12:22 | Build | Farm |
| 12:38 | Create | Villager (Male) |
| 13:05 | Build | Palisade Wall |
| 13:14 | Create | Villager (Male) |
| 13:23 | Create | Archer |
| 13:26 | Build | Palisade Gate |
| 13:32 | Create | Archer |
| 13:41 | Create | Villager (Male) |
| 13:47 | Build | Farm |
| 13:48 | Build | Farm |
| 13:52 | Create | Archer |
| 14:10 | Create | Villager (Male) |
| 14:23 | Build | Palisade Gate |
| 14:25 | Build | Palisade Wall |
| 14:26 | Build | Palisade Wall |
| 14:36 | Create | Villager (Male) |
| 14:38 | Create | Archer |
| 14:44 | Build | Palisade Wall |
| 14:50 | Build | Palisade Wall |
| 14:54 | Build | Palisade Wall |
| 14:56 | Create | Archer |
| 14:56 | Create | Archer |
| 15:11 | Create | Archer |
| 15:11 | Create | Archer |
| 15:21 | Build | Farm |
| 15:21 | Create | Villager (Male) |
| 15:40 | Create | Archer |
| 15:46 | Create | Villager (Male) |
| 15:50 | Build | Farm |
| 16:18 | Create | Villager (Male) |
| 16:20 | Build | Farm |
| 16:34 | Create | Villager (Male) |
| 17:00 | Create | Villager (Male) |
| 17:05 | Build | Farm |
| 17:09 | Research | Horse Collar |
| 17:11 | Create | Archer |
| 17:12 | Create | Archer |
| 17:12 | Create | Archer |
| 17:17 | Build | Farm |
| 17:34 | Create | Villager (Male) |
| 17:49 | Create | Archer |
| 17:55 | Build | House |
| 17:56 | Build | House |
| 18:04 | Create | Villager (Male) |
| 18:12 | Research | Wheelbarrow |
| 18:27 | Create | Archer |
| 18:39 | Create | Archer |
| 18:39 | Create | Archer |
| 18:42 | Create | Villager (Male) |
| 18:59 | Create | Archer |
| 18:59 | Create | Archer |
| 19:15 | Create | Villager (Male) |
| 19:23 | Build | Market |
| 19:26 | Create | Archer |
| 19:28 | Create | Villager (Male) |
| 20:08 | Create | Villager (Male) |
| 20:11 | Build | Settlement |
| 20:35 | Research | Castle Age |
| 20:53 | Research | Gold Mining |
| 20:55 | Create | Archer |
| 20:56 | Create | Archer |
| 21:10 | Create | Archer |
| 21:10 | Create | Archer |
| 21:29 | Build | Farm |
| 21:50 | Create | Archer |
| 21:59 | Build | House |
| 22:13 | Create | Archer |
| 22:14 | Create | Archer |
| 22:14 | Create | Archer |
| 22:18 | Research | Padded Archer Armor |
| 22:18 | Research | Padded Archer Armor |
| 22:23 | Build | Farm |
| 22:25 | Build | Farm |
| 22:28 | Build | Farm |
| 22:32 | Create | Villager (Male) |
| 23:22 | Age | Castle Age |
| 23:24 | Research | Crossbowman (upgrade) |
| 23:25 | Research | Bodkin Arrow |
| 23:29 | Build | Siege Workshop |
| 23:37 | Build | University |
| 23:38 | Build | House |
| 23:44 | Create | Archer |
| 23:57 | Create | Villager (Male) |
| 24:14 | Create | Mangonel |
| 24:25 | Create | Villager (Male) |
| 24:27 | Build | House |
| 24:37 | Create | Mangonel |
| 24:40 | Create | Villager (Male) |
| 24:56 | Build | House |
| 25:09 | Create | Mangonel |
| 25:16 | Research | Ballistics |
| 25:18 | Create | Villager (Male) |
| 25:20 | Build | Farm |
| 25:46 | Build | House |
| 25:48 | Create | Archer |
| 25:52 | Create | Villager (Male) |
| 25:57 | Create | Mangonel |
| 26:14 | Create | Villager (Male) |
| 26:44 | Create | Archer |
| 26:52 | Create | Villager (Male) |
| 26:54 | Build | House |
Match timeline
| 6:55 | thankyou9527 · first_building Barracks |
| 8:06 | Ellis · first_building Barracks |
| 8:48 | thankyou9527 · wall_segment Palisade Wall x1 |
| 9:16 | thankyou9527 · age_up feudal |
| 9:33 | thankyou9527 · wall_segment Palisade Wall x5 |
| 9:35 | thankyou9527 · wall_segment Palisade Wall x6 |
| 9:45 | thankyou9527 · wall_segment Palisade Wall x13 |
| 9:51 | Ellis · age_up feudal |
| 9:54 | Ellis · first_building Archery Range |
| 11:00 | thankyou9527 · wall_segment Palisade Wall x15 |
| 11:42 | Ellis · wall_segment Palisade Wall x1 |
| 11:44 | Ellis · wall_segment Palisade Wall x1 |
| 11:56 | thankyou9527 · wall_segment Palisade Wall x1 |
| 11:56 | thankyou9527 · wall_segment Palisade Wall x1 |
| 12:01 | thankyou9527 · wall_segment Palisade Wall x1 |
| 12:12 | thankyou9527 · first_building Archery Range |
| 13:05 | Ellis · wall_segment Palisade Wall x14 |
| 14:25 | Ellis · wall_segment Palisade Wall x6 |
| 14:26 | Ellis · wall_segment Palisade Wall x9 |
| 14:44 | Ellis · wall_segment Palisade Wall x14 |
| 14:48 | thankyou9527 · wall_segment Palisade Wall x1 |
| 14:50 | thankyou9527 · wall_segment Palisade Wall x1 |
| 14:50 | thankyou9527 · wall_segment Palisade Wall x1 |
| 14:50 | Ellis · wall_segment Palisade Wall x10 |
| 14:51 | thankyou9527 · wall_segment Palisade Wall x2 |
| 14:52 | thankyou9527 · wall_segment Palisade Wall x1 |
| 14:54 | Ellis · wall_segment Palisade Wall x18 |
| 17:18 | thankyou9527 · wall_segment Palisade Wall x1 |
| 17:20 | thankyou9527 · wall_segment Palisade Wall x1 |
| 19:21 | thankyou9527 · wall_segment Palisade Wall x1 |
| 20:28 | Ellis · first_market_buy 100 food |
| 20:41 | thankyou9527 · first_market_buy 100 food |
| 23:22 | Ellis · age_up castle |
| 23:25 | thankyou9527 · age_up castle |
| 23:29 | Ellis · first_building Siege Workshop |
| 24:00 | thankyou9527 · first_building Siege Workshop |
| 26:56 | thankyou9527 · resign |
[ AI ANALYSIS · 1 CREDIT ]
What really happened in this match?
Wolo.gg analyzes every decision: build order, eco, micro, common mistakes by bracket. Personalized analysis on WhatsApp or Discord in 30 seconds.
Civ guide
Bulgarians
Perfil
thankyou9527